 Dungeon Crawl Stone Soup version 0.25-a0-166-g16436c4 (webtiles) character file.

Game seed: 6966865661933171562, levelgen mode: deterministic

2314 TheGoonsmith the Cleaver (level 9, -4/79 HPs)
             Began as a Hill Orc Monk on Nov 23, 2019.
             Slain by a two-headed ogre
             ... wielding a +0 giant club
              (18 damage)
             ... on level 7 of the Dungeon.
             The game lasted 00:12:13 (6703 turns).

TheGoonsmith the Cleaver (Hill Orc Monk)            Turns: 6703, Time: 00:12:13

Health: -4/79      AC: 16    Str: 17    XL:     9   Next: 41%
Magic:  9/9        EV:  6    Int: 10    God:
Gold:   92         SH:  0    Dex: 13    Spells: 8/8 levels left

rFire    . . .     SeeInvis +   j - +0 battleaxe (chop)
rCold    . . .     Gourm    .   (shield currently unavailable)
rNeg     . . .     Faith    .   k - +0 plate armour
rPois    .         Spirit   .   (no helmet)
rElec    .         Reflect  .   m - +0 cloak
rCorr    .         Harm     .   d - +1 pair of gloves
MR       +....                  q - +0 pair of boots
Stlth    ..........             (no amulet)
HPRegen  0.23/turn              s - ring of protection from magic
MPRegen  0.11/turn              i - ring of see invisible

@: confused, lethally poisoned (-4 -> -5)
A: no striking features
a: no special abilities


You were on level 7 of the Dungeon.
You were not hungry.

You visited 2 branches of the dungeon, and saw 8 of its levels.

You collected 372 gold pieces.
You spent 280 gold pieces at shops.

Inventory:

Hand Weapons
 a - a +0 hand axe
 j - a +0 battleaxe of chopping (weapon)
 o - a +0 war axe
Armour
 b - a +0 robe
 d - a +1 pair of gloves (worn)
 e - a +0 ring mail
 k - a +0 plate armour (worn)
 m - a +0 cloak (worn)
 q - a +0 pair of boots (worn)
Jewellery
 i - a ring of see invisible (right hand)
 l - an uncursed ring of poison resistance {unknown}
 s - a ring of protection from magic (left hand)
 u - an uncursed ring of protection from magic
 x - an uncursed ring of resist corrosion {unknown}
Wands
 n - a wand of polymorph (11)
Scrolls
 f - 2 scrolls of teleportation
 h - 3 scrolls of remove curse
 y - a scroll of identify
Potions
 g - a potion of mutation
 r - a potion of heal wounds {unknown}
 t - 2 potions of might
 v - a potion of flight {unknown}
 w - a potion of berserk rage {unknown}
Comestibles
 c - 7 rations
 z - a chunk of flesh


   Skills:
 + Level 7.1 Fighting
 + Level 12.0 Axes
 - Level 4.0 Armour
 - Level 2.4 Dodging
 - Level 5.1 Stealth


You had 8 spell levels left.
You didn't know any spells.
Your spell library was empty.

Dungeon Overview and Level Annotations

Branches:
Dungeon (7/15)             Temple (1/1) D:4

Altars:
Ashenzari
Cheibriados
Dithmenos
Elyvilon
Fedhas
Gozag
Hepliaklqana
Kikubaaqudgha
Makhleb
Nemelex Xobeh
Qazlal
Ru
Sif Muna
Trog
Vehumet
Wu Jian
Xom
Zin
The Shining One

Shops:
D:5 (?[[


Message History

You feel sick.
You slash the two-headed ogre!
The two-headed ogre is heavily wounded.
The two-headed ogre hits you with a +0 giant club! x2
You barely miss the two-headed ogre.
The two-headed ogre is heavily wounded.
The two-headed ogre hits you with a +0 giant club!
The two-headed ogre hits you with a +0 giant club.
You closely miss the two-headed ogre.
The two-headed ogre is heavily wounded.
You feel sick.
The two-headed ogre hits you with a +0 giant club!
* * * LOW HITPOINT WARNING * * *
The two-headed ogre hits you with a +0 giant club!
* * * LOW HITPOINT WARNING * * *
You are confused.
You feel invigorated.
You bump into the rock wall.
The two-headed ogre hits you with a +0 giant club!!
You die...

######## #...O@.#
#######.# ## #.# #.# #.#
#.# #.#
#8...8##†###############
##.....##................


You could see a two-headed ogre.

Vanquished Creatures
  A hungry ghost (D:7)
  An orc warrior (D:5)
  A black bear (D:7)
  2 ogres (D:5)
  A phantom (D:4)
  3 centaurs
  Blork the orc (D:4)
  A gnoll sergeant (D:7)
  4 scorpions
  A howler monkey (D:5)
  3 crimson imps
  A bullfrog zombie (D:4)
  2 centaur zombies
  A hound (D:4)
  2 orc priests
  A bullfrog skeleton (D:6)
  An iguana (D:4)
  3 orc wizards
  4 worker ants
  2 hound skeletons
  5 adders
  9 gnolls
  An ooze (D:2)
  A worm (D:6)
  4 dart slugs
  A leopard gecko (D:7)
  27 orcs
  7 bats
  5 giant cockroaches
  6 goblins
  6 hobgoblins
  10 jackals
  6 quokkas
  A ball python (D:4)
  9 frilled lizards
  9 kobolds
  A leopard gecko zombie (D:5)
  3 quokka skeletons (D:5)
  5 rats
152 creatures vanquished.

Vanquished Creatures (others)
  A worker ant (D:4)
1 creature vanquished.

Grand Total: 153 creatures vanquished

Notes
Turn   | Place    | Note
-------+----------+-------------------------------------------
     0 | D:1      | TheGoonsmith the Hill Orc Monk began the quest for the Orb.
     0 | D:1      | Reached XP level 1. HP: 19/19 MP: 1/1
   134 | D:1      | Reached XP level 2. HP: 27/27 MP: 2/2
   460 | D:1      | Reached XP level 3. HP: 33/33 MP: 3/3
   755 | D:2      | Reached skill level 5 in Axes
   925 | D:2      | Reached XP level 4. HP: 36/40 MP: 4/4
  1495 | D:3      | Reached XP level 5. HP: 38/47 MP: 5/5
  1637 | D:3      | Reached skill level 6 in Axes
  2220 | D:4      | Noticed Blork the orc
  2721 | D:4      | Reached skill level 5 in Fighting
  2898 | D:4      | Found a staircase to the Ecumenical Temple.
  2907 | Temple   | Entered the Ecumenical Temple
  3189 | D:4      | Reached XP level 6. HP: 53/56 MP: 6/6
  3280 | D:4      | Reached skill level 7 in Axes
  3290 | D:4      | Noticed a phantom
  3309 | D:4      | Killed a phantom
  3403 | D:4      | Killed Blork the orc
  3403 | D:4      | Reached skill level 8 in Axes
  3403 | D:4      | Reached XP level 7. HP: 53/61 MP: 7/7
  3788 | D:5      | Entered Level 5 of the Dungeon
  3810 | D:5      | Reached skill level 5 in Stealth
  3914 | D:5      | Reached skill level 1 in Armour
  3917 | D:5      | Reached XP level 8. HP: 34/69 MP: 8/8
  4132 | D:5      | Found Cikueva's Weapon Boutique.
  4166 | D:5      | Found Zeop's Magic Scroll Shop.
  4175 | D:5      | Bought a scroll of brand weapon for 280 gold pieces
  4191 | D:5      | Found a hazy altar of Hepliaklqana.
  4230 | D:5      | Found Mintumn's Armour Shoppe.
  4341 | D:5      | Found Rats's Antique Armour Shop.
  4522 | D:6      | Reached skill level 9 in Axes
  4528 | D:6      | Found an opulent altar of Gozag.
  5962 | D:7      | Reached skill level 10 in Axes
  5962 | D:7      | Reached XP level 9. HP: 50/79 MP: 9/9
  6032 | D:7      | Reached skill level 11 in Axes
  6581 | D:7      | Reached skill level 12 in Axes
  6655 | D:7      | Found a blossoming altar of Fedhas.
  6656 | D:7      | Found a stormy altar of Qazlal.
  6697 | D:7      | Noticed a two-headed ogre
  6703 | D:7      | Slain by a two-headed ogre

Levels and vault maps discovered:
D:1:      minmay_arrival_hallway, layout_loops_ring, due_unseen_surprise
D:2:      layout_rooms
D:3:      layout_basic, corner_web_ring, grunt_decor_one_mirror,
          minmay_misc_feat_tower
D:4:      layout_basic, lemuel_temple_firewalk_b, first_ration,
          bh_walls_and_bars, uniq_blork_the_orc
D:5:      layout_rooms, lemuel_doored_altar, serial_shops,
          nicolae_shop_window_shopping, shop, shop_fountains, shop
D:6:      layout_cave_pools, grunt_gozag_statues, kennysheep_pointless_box
D:7:      layout_basic, nicolae_overflow_hidden_temple
Temple:   regret_index_temple_generic_petals

Skill      XL: |  1  2  3  4  5  6  7  8  9 |
---------------+----------------------------+-----
Fighting       | 4 5 7 |  7.1
Stealth        | 2 3 5 |  5.1
Axes           | 5 6 8 10 12 | 12.0
Armour         | 1 4 |  4.0
Dodging        | |  2.4

Action                   |  1- 3 |  4- 6 |  7- 9 || total
-------------------------+-------+-------+-------++-------
Melee: Hand axe          |   134 |    37 |       ||   171
       War axe           |       |   152 |     6 ||   158
       Battleaxe         |       |       |   250 ||   250
  Use: Scroll            |       |     6 |     8 ||    14
       Potion            |       |     2 |     3 ||     5
 Stab: Sleeping          |     2 |       |       ||     2
  Eat: Chunk             |       |     8 |    13 ||    21
       Ration            |       |       |     3 ||     3
Armor: Robe              |    10 |       |       ||    10
       Ring mail         |    46 |    77 |    38 ||   161
       Plate armour      |       |       |   130 ||   130
Dodge: Dodged            |    92 |   115 |   125 ||   332

Table legend:
 A = Non-vault XP
 B = Vault XP
 C = Vault XP percentage of total XP
 D = Non-vault monster count
 E = Vault monster count
 F = Vault count percentage of total count
                 A         B        C        D         E       F
            +---------+---------+-------+---------+---------+-------
      Total |    3211 |      96 |   2.9 |     151 |       1 |   0.7
            +---------+---------+-------+---------+---------+-------
        D:1 |      36 |       0 |   0.0 |      21 |       0 |   0.0
        D:2 |      55 |       0 |   0.0 |      21 |       0 |   0.0
        D:3 |     164 |       0 |   0.0 |      35 |       0 |   0.0
        D:4 |     440 |      96 |  17.9 |      16 |       1 |   5.9
        D:5 |     762 |       0 |   0.0 |      17 |       0 |   0.0
        D:6 |     496 |       0 |   0.0 |      15 |       0 |   0.0
        D:7 |    1258 |       0 |   0.0 |      26 |       0 |   0.0
            +---------+---------+-------+---------+---------+-------
